 Dungeon Crawl Stone Soup version 0.26.1-2-gb8aa6d0cf2 (webtiles) character file.

Game seed: 16686122456416752287

516 McKennaii the Conjurer (level 7, -5/36 HPs)
             Began as a Deep Elf Conjurer on Feb 17, 2021.
             Slain by a wyvern zombie (9 damage)
             ... in an ossuary.
             The game lasted 00:07:22 (4085 turns).

McKennaii the Conjurer (Deep Elf Conjurer)          Turns: 4085, Time: 00:07:23

Health: -5/36      AC:  4    Str:  9    XL:     7   Next: 0%
Magic:  19/19      EV: 13    Int: 25    God:
Gold:   151        SH:  0    Dex: 13    Spells: 10/19 levels left

rFire    + . .     SeeInvis .   (no weapon)
rCold    + . .     Faith    .   (no shield)
rNeg     . . .     Spirit   .   a - +0 robe
rPois    +         Reflect  .   (no helmet)
rElec    +         Harm     .   o - +0 cloak
rCorr    +         Rampage  .   m - +0 pair of gloves {Str+3}
Will     .....                  (no boots)
Stlth    +.........             (no amulet)
HPRegen  0.12/turn              (no ring)
MPRegen  0.16/turn              (no ring)

@: confused, brilliant, resistant, attractive, flying
A: large bone plates 1, strong 1
a: no special abilities


You were in an ossuary.
You visited 1 branch of the dungeon, and saw 4 of its levels.
You also visited: Ossuary.

You collected 151 gold pieces.

Inventory:

Armour
 a - a +0 robe (worn)
 m - a +0 pair of gloves of strength (worn)
 o - a +0 cloak (worn)
Scrolls
 c - 4 scrolls of remove curse
 d - a scroll of identify
 h - a scroll of blinking
 k - a scroll of noise {unknown}
 l - a scroll of immolation {unknown}
 p - a scroll of enchant weapon {unknown}
 s - a scroll of teleportation
Potions
 e - a potion of might
 i - a potion of flight
 n - a potion of resistance


   Skills:
 + Level 0.2 Fighting
 + Level 2.7 Dodging
 + Level 3.0 Stealth
 * Level 6.7 Spellcasting
 * Level 7.4 Conjurations


You had 10 spell levels left.
You knew the following spells:

 Your Spells              Type           Power        Failure   Level
a - Magic Dart            Conj           100%         1%          1
b - Fulminant Prism       Conj/Hex       20%          16%         4
c - Iskenderun's Mystic   Conj/Tloc      40%          16%         4

Your spell library contained the following spells:

 Spells                   Type           Power        Failure   Level
 Searing Ray              Conj           100%         1%          2
 Dazzling Flash           Conj/Hex       80%          4%          3


Dungeon Overview and Level Annotations

Branches:
Dungeon (4/15)            Ossuary (1/1)
 Temple: D:4-7

Altars:
Wu Jian


Innate Abilities, Weirdness & Mutations

You are partially covered in large bone plates. (SH +4)
Your muscles are strong. (Str +2)


Message History

The wyvern zombie completely misses you.
You hit the wyvern zombie but do no damage.
The wyvern zombie is lightly damaged.
The wyvern zombie closely misses you. The wyvern zombie barely misses you.
There is an empty arch of ancient stone here.
The wyvern zombie bites you!
* * * LOW HITPOINT WARNING * * *
The wyvern zombie bites you.
* * * LOW HITPOINT WARNING * * *
You bump into the metal wall.
The wyvern zombie closely misses you.
You closely miss the wyvern zombie.
The wyvern zombie is lightly damaged.
The wyvern zombie bites you!
* * * LOW HITPOINT WARNING * * *
Okay, then.
You bump into the metal wall.
The wyvern zombie bites you.
* * * LOW HITPOINT WARNING * * *
The wyvern zombie bites you!
You die...

##### #.#.#
#+#'#'#+#M#+#
+≈≈....Z.....
#≈##'##+##+##
#@..# #Z∩.#
#..∩# #####


You could see a wyvern zombie.

Vanquished Creatures
  A scorpion (D:4)
  A howler monkey (D:4)
  A bullfrog zombie (Ossuary)
  A centaur zombie (Ossuary)
  A jelly (D:4)
  An orc priest (D:3)
  3 orc wizards (D:3)
  A killer bee zombie (Ossuary)
  2 hound zombies (Ossuary)
  3 mummies (Ossuary)
  4 adders
  A gnoll (D:1)
  An adder zombie (Ossuary)
  An adder skeleton (D:4)
  2 worms (D:4)
  4 leopard geckos
  6 orcs
  A ball python (D:2)
  5 bats
  4 giant cockroaches
  6 goblins
  11 hobgoblins
  A quokka (D:3)
  3 frilled lizards
  A jackal zombie (Ossuary)
  6 kobolds
  7 rats
79 creatures vanquished.

Vanquished Creatures (others)
  5 withered plants (Ossuary)
5 creatures vanquished.

Grand Total: 84 creatures vanquished

Notes
Turn   | Place    | Note
-------+----------+-------------------------------------------
     0 | D:1      | McKennaii the Deep Elf Conjurer began the quest for the
                  | Orb.
     0 | D:1      | Reached XP level 1. HP: 10/10 MP: 6/6
   166 | D:1      | Reached XP level 2. HP: 15/15 MP: 4/8
   312 | D:1      | Reached skill level 5 in Conjurations
   845 | D:1      | Reached XP level 3. HP: 16/19 MP: 4/9
  1134 | D:2      | Lost strength.
  1490 | D:2      | Reached XP level 4. HP: 24/24 MP: 8/11
  2250 | D:3      | Reached skill level 6 in Conjurations
  2549 | D:3      | Reached XP level 5. HP: 16/28 MP: 0/13
  3008 | D:3      | Reached skill level 5 in Spellcasting
  3487 | D:4      | Reached XP level 6. HP: 32/32 MP: 10/16
  3495 | D:4      | Learned a level 4 spell: Fulminant Prism
  3500 | D:4      | Learned a level 4 spell: Iskenderun's Mystic Blast
  3615 | D:4      | Reached skill level 7 in Conjurations
  3686 | D:4      | Noticed a sky beast
  3709 | D:4      | Found an ornate altar of the Wu Jian Council.
  3752 | D:4      | Found a sand-covered staircase.
  3760 | Ossuary  | Entered an ossuary
  4067 | Ossuary  | Gained mutation: You are partially covered in large bone
                  | plates. (SH +4) [potion of mutation]
  4067 | Ossuary  | Gained mutation: Your muscles are strong. (Str +2) [potion
                  | of mutation]
  4074 | Ossuary  | Reached XP level 7. HP: 22/36 MP: 0/19
  4085 | Ossuary  | Slain by a wyvern zombie

Illustrated notes

Levels and vault maps discovered:
D:1:      moated_graveyard_arrival, layout_loops_ring, kennysheep_flooded_box,
          minmay_tetromino_t4
D:2:      layout_rooms
D:3:      layout_basic
D:4:      layout_loops_corners, lemuel_crystal_altar, nicolae_ossuary_entry_plus
Ossuary:  ossuary_zaba_flooded

Skill      XL: |  1  2  3  4  5  6 |
---------------+-------------------+-----
Conjurations   | 5 6 7 |  7.4
Spellcasting   | 4 5 6 |  6.7
Stealth        | 3 |  3.0
Fighting       | |  0.2
Dodging        | |  2.7

Action                   |  1- 3 |  4- 6 |  7- 9 || total
-------------------------+-------+-------+-------++-------
Melee: Unarmed           |       |    42 |     4 ||    46
 Cast: Magic Dart        |    57 |   165 |     1 ||   223
  Use: Scroll            |     6 |       |       ||     6
       Potion            |       |     6 |     3 ||     9
 Stab: Invisible         |       |     1 |       ||     1
Armor: Robe              |     1 |    25 |     1 ||    27
Dodge: Dodged            |     6 |    79 |     8 ||    93
Block: Other             |       |     1 |       ||     1
